 Dungeon Crawl Stone Soup version 0.31.0-32-g396128a36d (webtiles) character file.

Game seed: 13123460989968554659

169 Alphaeus the Ruffian (level 5, -3/37 HPs)
             Began as an Octopode Shapeshifter on Mar 19, 2024.
             Was an Elder of Jiyva.
             Slain by Sigmund
             ... wielding a +2 heavy scythe
              (16 damage)
             ... on level 4 of the Dungeon.
             The game lasted 00:02:12 (1977 turns).

Alphaeus the Ruffian (Octopode Shapeshifter)        Turns: 1977, Time: 00:02:12

Health: -3/37      AC:  3    Str: 15    XL:     5   Next: 50%
Magic:  5/5        EV: 13    Int: 13    God:    Jiyva [****..]
Gold:   79         SH:  0    Dex: 11    Spells: 4/4 levels left

rFire   + +          .
                       - Unarmed
rCold   . . .        (no shield)
rNeg    . . .        (helmet currently unavailable)
rPois   .            (no amulet)
rElec   .            (no ring)
rCorr   +            (no ring)
SInv    .            (no ring)
Will    +....        (no ring)
Stlth   ++           (no ring)
HPRegen 1.54/turn    (no ring)
MPRegen 0.73/turn    (no ring)
                     (no ring)

%: no passive effects
@: beast-form
A: beast (slay +2), almost no armour, amphibious, 8 rings, camouflage 1,
gelatinous body 1, (nimble swimmer 1), tentacles, iridescent scales 1, fire
resistance 2, strong-willed 1, robust 1, evolution 1
a: Begin Untransformation, Renounce Religion, Oozemancy, Slimify


You were on level 4 of the Dungeon.
You worshipped Jiyva.
Jiyva was greatly pleased with you.
You were a hulking beast.
You visited 1 branch of the dungeon, and saw 4 of its levels.

You collected 112 gold pieces.
You spent 33 gold pieces at shops.

Inventory:

Jewellery
 n - a ring of protection from fire
Talismans
 b - a beast talisman
 c - a flux talisman
Wands
 h - a wand of flame (11)
Scrolls
 d - a scroll of identify {unknown}
 i - 2 scrolls of enchant weapon {unknown}
 k - a scroll of enchant armour {unknown}
 l - a scroll of teleportation
 m - a scroll of noise {unknown}
Potions
 a - 2 potions of lignification
 e - a potion of haste {unknown}
 f - a potion of brilliance {unknown}
 g - a potion of attraction {unknown}
 j - a potion of curing {unknown}


   Skills:
 + Level 2.1 Fighting
 + Level 2.7 Dodging
 * Level 4.2 Unarmed Combat
 * Level 4.1 Shapeshifting


You had 4 spell levels left.
You didn't know any spells.
Your spell library contained the following spells:

 Spells                   Type           Power      Damage    Failure   Level
 Magic Dart               Conj           0%         1d3       30%         1
 Summon Small Mammal      Summ           0%         N/A       30%         1
 Searing Ray              Conj           0%         2d4       43%         2
 Call Canine Familiar     Summ           0%         N/A       67%         3
 Fulminant Prism          Conj/Alch      0%         3d5       97%         4
 Summon Blazeheart Golem  Fire/Summ      0%         N/A       97%         4


Dungeon Overview and Level Annotations

Branches:
Dungeon (4/15)
 Temple: D:4-7

Altars:
Jiyva

Shops:
D:1 [   D:4 *

Annotations:
D:4 Sigmund


Innate Abilities, Weirdness & Mutations

You are a hulking beast.
Your limbs bulge with bestial killing power. (Slay +2)
You cannot wear most types of armour.
You are amphibious.
You can wear up to eight rings at the same time.
Your skin changes colour to match your surroundings (Stealth+).
Your rubbery body absorbs attacks. (AC +1, EV +1)
((You are camouflaged when in or above water. (Stealth+)))
You have tentacles for arms and can constrict up to eight enemies at once.
You are partially covered in iridescent scales. (AC +2)
Your flesh is very heat resistant. (rF++)
You are strong-willed. (Will+)
You are robust. (+10% HP)
You have hidden genetic potential.


Message History

The cerulean imp hits you with a +0 spear.
You tentacle-slap the cerulean imp.
The cerulean imp is almost dead.
You constrict the cerulean imp.
You kill the cerulean imp!
The cerulean imp disappears in a puff of smoke!
You closely miss Natasha. You grab Natasha.
You constrict Natasha, but do no damage.
Natasha barely misses you.
You tentacle-slap Natasha.
Natasha is lightly wounded.
You constrict Natasha. Natasha closely misses you.
You tentacle-slap Natasha. Your squeeze misses Natasha.
Natasha is heavily wounded.
You constrict Natasha. Natasha claws you.
You tentacle-slap Natasha.
Natasha is severely wounded.
You constrict Natasha. Natasha barely misses you.
You tentacle-slap Natasha.
Natasha is almost dead.
You constrict Natasha.
You kill Natasha!
Natasha growls in agony!
Something hits you!
You closely miss something. Your squeeze misses something.
The kobold throws a stone.
Something barely misses you.
You tentacle-slap something. Your squeeze misses something.
You closely miss something. You barely miss something.
Your squeeze misses something. Something hits you!!
* * * LOW HITPOINT WARNING * * *
You barely miss something. You barely miss something. Something hits you.
You completely miss something.
You tentacle-slap something but do no damage.
You squeeze something! You bludgeon something! Something hits you!
* * * LOW HITPOINT WARNING * * *
You barely miss something. Your squeeze misses something.
You closely miss something. Something hits you!
You die...

#.# #.#
###.#
#...#
#.### ###
###.#
...#
#...#
#..#
#.###
#....#h#
#....#{#
#....hS#
#......#
........#
..#.....#
. #.....#
#.....#
#.....#


You could see a hound and a ball python.

Vanquished Creatures
  Natasha (D:4)
  Terence (D:2)
  A gnoll (D:3)
  6 adders
  3 dart slugs
  2 ribbon worms
  4 ball pythons
  5 bats
  2 giant cockroaches (D:1)
  2 goblins (D:2)
  5 hobgoblins
  6 jackals
  6 kobolds
  3 frilled lizards
  3 rats
50 creatures vanquished.

Vanquished Creatures (others)
  A jelly (D:3)
  2 gnolls (D:3)
  An orc (D:3)
  2 endoplasms (D:3)
  A giant cockroach (D:1)
  A hobgoblin (D:3)
  A jackal (D:3)
  3 rats
12 creatures vanquished.

Grand Total: 62 creatures vanquished

Notes
Turn   | Place    | Note
-------+----------+-------------------------------------------
     0 | D:1      | Alphaeus the Octopode Shapeshifter began the quest for the
                  | Orb.
     0 | D:1      | Reached XP level 1. HP: 13/13 MP: 1/1
    38 | D:1      | Found a faded altar of an unknown god.
    49 | D:1      | Prayed at the altar of an unknown god.
    49 | D:1      | Became a worshipper of Jiyva Jicoeget the Shapeless
    49 | D:1      | Reached * piety under Jiyva
   118 | D:1      | Found Eclech's Antique Armour Shoppe.
   168 | D:1      | Reached ** piety under Jiyva
   604 | D:1      | Reached XP level 2. HP: 18/18 MP: 2/2
   795 | D:2      | Reached *** piety under Jiyva
   822 | D:2      | Gained mutation: You have hidden genetic potential.
                  | [Jiyva's grace]
   822 | D:2      | Gained mutation: You have great hidden genetic potential.
                  | [Jiyva's grace]
   822 | D:2      | Gained mutation: Your flesh is heat resistant. (rF+)
                  | [Jiyva's grace]
   822 | D:2      | Gained mutation: Your flesh is very heat resistant. (rF++)
                  | [Jiyva's grace]
   853 | D:2      | Reached XP level 3. HP: 23/23 MP: 3/3
   889 | D:2      | Gained mutation: You are robust. (+10% HP) [hidden
                  | potential]
   973 | D:2      | Reached XP level 4. HP: 18/30 MP: 4/4
   984 | D:2      | Noticed Terence
   998 | D:2      | Gained mutation: You are strong-willed. (Will+) [hidden
                  | potential]
   998 | D:2      | Lost mutation: You have great hidden genetic potential.
                  | [hidden potential expressed]
  1002 | D:2      | Killed Terence
  1347 | D:3      | Reached **** piety under Jiyva
  1551 | D:3      | Reached XP level 5. HP: 37/37 MP: 5/5
  1801 | D:3      | Gained mutation: You are partially covered in iridescent
                  | scales. (AC +2) [hidden potential]
  1898 | D:4      | Found Omejis's General Store.
  1910 | D:4      | Bought a scroll of teleportation for 33 gold pieces
  1945 | D:4      | Noticed Natasha
  1945 | D:4      | Noticed Sigmund
  1965 | D:4      | Killed Natasha
  1977 | D:4      | Slain by Sigmund

Illustrated notes

Levels and vault maps discovered:
D:1:      nagdon_arrival_zigzag_paths, layout_basic, serial_shops,
          shop_fountains, ebering_ecumenical_altar_mist,
          chequers_serial_rivers_small_3, st_stairs_13
D:2:      layout_basic, kennysheep_big_empty_room, minmay_tromino_v4_b,
          uniq_terence
D:3:      layout_loops_ring, kennysheep_generic_room_15
D:4:      minmay_skewed_foursquare, layout_basic, mainiacjoe_overflow_alcove_2,
          serial_shops, nicolae_shop_trees, portal_sewer_entry_e,
          chequers_avenue, uniq_eustachio, uniq_natasha, uniq_sigmund

Skill      XL: |  1  2  3  4  5 |
---------------+----------------+-----
Unarmed Combat | 4 |  4.2
Fighting       | 2 |  2.1
Shapeshifting  | 4 |  4.1
Dodging        | |  2.7

Action                     |  1- 3 |  4- 6 || total
---------------------------+-------+-------++-------
  Melee: Unarmed           |    45 |    81 ||   126
         Constrict         |    14 |    16 ||    30
         Tentacles         |     6 |    12 ||    18
         Punch             |     2 |     1 ||     3
   Stab: Sleeping          |     3 |     4 ||     7
 Armour: Skin              |    22 |    32 ||    54
  Dodge: Dodged            |    28 |    45 ||    73
